 Dungeon Crawl Stone Soup version 0.30.1-10-g1249ef9ec4 (webtiles) character file.

Game seed: 6735560631981852465

23961 tizbic2 the Grappler (level 13, -7/101 HPs)
             Began as a Gnoll Wanderer on Oct 26, 2023.
             Was a Priest of Makhleb.
             Killed by divine providence
             ... invoked by a meliai
              (15 damage)
             ... on level 13 of the Dungeon.
             The game lasted 01:18:00 (12481 turns).

tizbic2 the Grappler (Gnoll Wanderer)              Turns: 12481, Time: 01:18:01

Health: -7/101     AC: 10    Str: 17    XL:     13   Next: 10%
Magic:  28/28      EV: 14    Int:  9    God:    Makhleb [***...]
Gold:   1301       SH: 12    Dex: 16    Spells: 24/29 levels left

rFire   . . .        w - +5 sling (flame)
rCold   . . .        s - +1 kite shield
rNeg    . . .        W - +0 troll leather armour
rPois   .            p - +0 hat "Liggap" {Str-4 Slay+4}
rElec   +            b - +2 cloak
rCorr   .            G - +0 pair of gloves
SInv    +            (no boots)
Will    .....        Q - amulet of the Air {Inacc Air Fly rElec RMsl}
Stlth   +++          l - ring of the Mage {Wiz Archmagi}
HPRegen 1.16/turn    Y - ring of Qotzoq {Str+5 Dex+3 SInv Stlth-}
MPRegen 0.21/turn

%: repel missiles, wizardry (x1), archmagi
@: flying
A: fangs 1, strong nose, distributed training, dopey 1, high MP 1, mutation
resistance 1, wild magic 1
a: Renounce Religion, Minor Destruction, Lesser Servant of Makhleb


You were on level 13 of the Dungeon.
You worshipped Makhleb.
Makhleb was most pleased with you.
You visited 1 branch of the dungeon, and saw 13 of its levels.
You also visited: Sewer and Gauntlet.

You collected 1301 gold pieces.

Inventory:

Hand Weapons
 a - the +9 lance "Wyrmbane" {slay drac, rPois rF+ rC+ AC+3}
   (You took it off Maggie on level 10 of the Dungeon)

   AC:        It affects your AC (+3).
   rF:        It protects you from fire.
   rC:        It protects you from cold.
   rPois:     It protects you from poison.
 k - a +1 spear of flaming
 w - a +5 sling of flaming (weapon)
 x - a +2 heavy war axe
 A - a +0 demon whip of venom
 E - a +2 scimitar of flaming
Missiles
 d - 4 throwing nets
 F - 11 boomerangs
Armour
 b - a +2 cloak (worn)
 p - the +0 hat "Liggap" (worn) {Str-4 Slay+4}
   (You acquired it on level 7 of the Dungeon)

   Str:       It affects your strength (-4).
   Slay:      It affects your accuracy & damage with ranged weapons and melee
   (+4).
 s - a +1 kite shield (worn)
 G - a +0 pair of gloves (worn)
 I - +0 swamp dragon scales
 R - a +1 scale mail of willpower
 W - a +0 troll leather armour (worn)
Magical Staves
 V - a staff of death
Jewellery
 l - the ring of the Mage (left hand) {Wiz Archmagi}
   (You found it in a Gauntlet)

   [ring of wizardry]

   It improves your spell success rate.
   Archmagi:  It increases the power of your magical spells.
 v - a +4 ring of slaying
 C - a ring of protection from cold
 K - a ring of wizardry
 Q - the amulet of the Air (around neck) {Inacc Air Fly rElec RMsl}
   (You found it in a Gauntlet)

   [amulet of nothing]

   Inacc:     It reduces the accuracy of your attacks and spells.
   Air:       It enhances your air magic.
   rElec:     It insulates you from electricity.
   Fly:       It grants you flight.
   RMsl:      It protects you from missiles.
 U - a +6 ring of dexterity
 Y - the ring of Qotzoq (right hand) {Str+5 Dex+3 SInv Stlth-}
   (You found it in a Gauntlet)

   [ring of see invisible]

   Str:       It affects your strength (+5).
   Dex:       It affects your dexterity (+3).
   SInv:      It lets you see invisible.
   Stlth:     It makes you less stealthy.
Wands
 t - a wand of polymorph (15)
 y - a wand of digging (12)
 z - a wand of roots (14)
 L - a wand of mindburst (17)
 M - a wand of paralysis (9)
 T - a wand of quicksilver (6)
Scrolls
 e - 3 scrolls of blinking
 h - 15 scrolls of teleportation
 m - 2 scrolls of fear
 u - a scroll of immolation
 B - 2 scrolls of magic mapping
 D - 3 scrolls of brand weapon
 H - 2 scrolls of fog
 P - a scroll of enchant weapon
 X - 2 scrolls of identify
 Z - a scroll of silence
Potions
 c - a potion of berserk rage
 f - 4 potions of haste
 g - 3 potions of curing
 i - 4 potions of might
 j - 2 potions of lignification
 n - 3 potions of magic
 o - 3 potions of attraction
 q - 3 potions of brilliance
 r - 3 potions of cancellation
 J - a potion of heal wounds
 N - 2 potions of flight
 O - 2 potions of resistance
 S - a potion of ambrosia


   Skills:
 + Level 9.5 Fighting
 + Level 8.2 Short Blades
 + Level 8.2 Long Blades
 + Level 8.2 Axes
 + Level 8.2 Maces & Flails
 + Level 8.2 Polearms
 + Level 8.2 Staves
 + Level 8.2 Ranged Weapons
 + Level 8.2 Throwing
 + Level 8.2 Armour
 + Level 8.2 Dodging
 + Level 8.6 Stealth
 + Level 8.2 Shields
 + Level 13.1 Unarmed Combat
 + Level 8.8 Spellcasting
 + Level 6.9 Conjurations
 + Level 6.9 Hexes
 + Level 6.9 Summonings
 + Level 6.9 Necromancy
 + Level 6.9 Translocations
 + Level 6.9 Transmutations
 + Level 6.9 Fire Magic
 + Level 6.9 Ice Magic
 + Level 6.9 Air Magic
 + Level 7.2 Earth Magic
 + Level 6.9 Poison Magic
 + Level 9.0 Invocations
 + Level 8.2 Evocations


You had 24 spell levels left.
You knew the following spells:

 Your Spells              Type           Power      Damage    Failure   Level
a - Sandblast             Erth           66%        2d15      1%          1
b - Summon Ice Beast      Ice/Summ       31%        N/A       14%         4

Your spell library contained the following spells:

 Spells                   Type           Power      Damage    Failure   Level
 Lesser Beckoning         Tloc           62%        N/A       2%          2
 Frozen Ramparts          Ice            62%        1d10      4%          3
 Gell's Gravitas          Tloc           31%        N/A       4%          3
 Stone Arrow              Conj/Erth      64%        3d11      4%          3
 Teleport Other           Tloc           31%        N/A       4%          3
 Volatile Blastmotes      Fire/Tloc      62%        2d15      4%          3
 Fulminant Prism          Conj/Hex       15%        3d10      14%         4
 Ice Form                 Ice/Tmut       31%        N/A       14%         4
 Iskenderun's Mystic Bla  Conj/Tloc      31%        2d8       14%         4
 Lee's Rapid Deconstruct  Erth           16%        3d10*     30%         5
 Silence                  Hex/Air        23%        N/A       32%         5
 Fire Storm               Conj/Fire      15%        8d4       100%        9


Dungeon Overview and Level Annotations

Branches:
Dungeon (13/15)            Temple (0/1) D:4            Lair (0/5) D:11
    Orc (0/2) D:9           Sewer (visited)         Gauntlet (visited)
 Vaults: D:13-14

Altars:
Ashenzari
Dithmenos
Elyvilon
Makhleb
Sif Muna
Trog
Uskayaw
Yredelemnul
Zin

Shops:
D:5 :

Annotations:
D:13 1 transporter, Gygy's ghost, journeyman GnMo


Innate Abilities, Weirdness & Mutations

You have very sharp teeth.
Your uncanny sense of smell can sniff out nearby items.
Your experience applies equally to all skills.
You are dopey. (Int -2)
You have an increased reservoir of magic. (+10% MP)
You are somewhat resistant to further mutation.
Your spells are a little harder to cast, but a little more powerful.


Message History

You hear a shout!
The four-headed hydra attacks as you move away!
The four-headed hydra bites you but does no damage. x2
The four-headed hydra bites you.
* * * LOW HITPOINT WARNING * * *
You block the four-headed hydra's attack.
The four-headed hydra misses your smoke demon.
The four-headed hydra bites your smoke demon. x2
The four-headed hydra bites your smoke demon but does no damage.
Your smoke demon hits the four-headed hydra. x3
The four-headed hydra completely misses your smoke demon.
The four-headed hydra closely misses your smoke demon.
The four-headed hydra bites your smoke demon!
The four-headed hydra closely misses your smoke demon.
Your smoke demon hits the four-headed hydra.
Your smoke demon completely misses the four-headed hydra.
Your smoke demon hits the four-headed hydra.
The four-headed hydra bites your smoke demon.
The four-headed hydra closely misses your smoke demon.
The four-headed hydra bites your smoke demon!
The four-headed hydra bites your smoke demon.
Your smoke demon hits the four-headed hydra.
Your smoke demon barely misses the four-headed hydra.
Your smoke demon hits the four-headed hydra.
Your +2 scimitar of flaming stops flaming.
Your +5 sling of flaming bursts into flame!
w - a +5 sling of flaming (weapon)
The four-headed hydra bites your smoke demon. x2
Your smoke demon dies!
Your smoke demon disappears in a puff of smoke!
The meliai mumbles some strange prayers to its god against you.
Something smites you!
* * * LOW HITPOINT WARNING * * *
The meliai mumbles some strange prayers to its god against you.
Something smites you!
* * * LOW HITPOINT WARNING * * *
There is a stone staircase leading up here.
The meliai mumbles some strange prayers to its god against you.
Something smites you!
You die...

...............#y#,*∆*,*#.#####..
(......#####..§.####****#........
[..##...#....####..# #####....
#####.#....#u#.....# #....
#....#.......#[# #....
####.##...y..#.### #....
#.....#..D..#...## ####...<
#.?...........#..####.....§§
#......##..@...........#.§..
#.....###..>...........#.§..
##..#### #..............#.§..
#...# #...##.........#.§..
#####<..## #...####..#..#######
#........# ##### ##.....[#*
#........# ######..#* #........#
*...# ########## *####


You could see a four-headed hydra, a purple ugly thing and a meliai.

Vanquished Creatures
  A boulder beetle (D:11)
  2 two-headed ogres
  A catoblepas (D:13)
  Erica (D:9)
  Urug (D:13)
  A cyclops (D:12)
  3 ugly things
  An oklob plant (Gauntlet)
  A moth of wrath (Gauntlet)
  An apocalypse crab (Gauntlet)
  2 gargoyles
  Maggie (D:10)
  A minotaur zombie (Gauntlet)
  2 freezing wraiths (D:11)
  7 trolls
  A hornet (D:13)
  Grinder (Sewer)
  6 slime creatures (D:12)
  Sigmund (D:4)
  A vampire (D:13)
  4 wraiths
  3 shadows
  17 yaks
  3 vampire mosquitoes (D:11)
  2 acid dragons
  Duvessa (D:6)
  2 water moccasins
  2 ice beasts
  4 sky beasts
  A black bear (D:5)
  2 orc warriors
  7 ogres
  5 wolves (Gauntlet)
  5 centaurs
  2 phantoms
  Blork the orc (D:5)
  A kobold brigand (Sewer)
  5 gnoll sergeants
  3 bullfrogs
  2 scorpions
  Dowan (D:6)
  10 wights
  9 killer bees (D:9)
  2 howler monkeys (D:10)
  9 orc priests
  7 hounds
  3 gnoll boudas (D:5)
  3 jellies
  3 iguanas
  A sleepcap (D:6)
  Ijyb (D:3)
  13 orc wizards
  32 gnolls
  9 adders
  4 shadow imps (Sewer)
  3 white imps
  8 ufetubi
  An adder zombie (Sewer)
  A dart slug (D:1)
  31 orcs
  6 endoplasms
  6 giant cockroaches
  6 hobgoblins
  6 jackals
  4 quokkas
  6 ball pythons
  9 bats
  A frilled lizard (D:3)
  9 goblins
  19 kobolds
  2 kobold zombies (Sewer)
  4 rats
337 creatures vanquished.

Vanquished Creatures (collateral kills)
  A minotaur (Gauntlet)
  The ghost of SirLogeyBear the Severer, a novice HOBe of Trog (D:10)
  Amaemon (D:9)
  Lodul (D:11)
  An orange demon (D:9)
  3 ogres (D:11)
  A gnoll sergeant (D:5)
  3 orcs (D:9)
12 creatures vanquished.

Vanquished Creatures (others)
  An unseen horror (D:10)
1 creature vanquished.

Grand Total: 350 creatures vanquished

Notes
Turn   | Place    | Note
-------+----------+-------------------------------------------
     0 | D:1      | Reached skill level 10 in Unarmed Combat
     0 | D:1      | tizbic2 the Gnoll Wanderer began the quest for the Orb.
     0 | D:1      | tizbic2 set off with the following items: a +0 club, a +0
                  | cloak, a potion of berserk rage, a +0 leather armour, 2
                  | scrolls of blinking; and the following spell memorised:
                  | Sandblast; and the following spells available to memorise:
                  | Stone Arrow.
     0 | D:1      | Reached XP level 1. HP: 20/20 MP: 4/4
   106 | D:1      | Reached XP level 2. HP: 26/26 MP: 5/5
   734 | D:2      | Identified the +0 ring mail of Vaunilaf {+Blink Fly rPois}
   907 | D:2      | Reached XP level 3. HP: 31/31 MP: 7/7
  1045 | D:2      | Reached skill level 1 in Invocations
  1158 | D:3      | Noticed Ijyb
  1169 | D:3      | Killed Ijyb
  1170 | D:3      | Reached skill level 1 in Short Blades
  1170 | D:3      | Reached skill level 1 in Long Blades
  1170 | D:3      | Reached skill level 1 in Axes
  1170 | D:3      | Reached skill level 1 in Maces & Flails
  1170 | D:3      | Reached skill level 1 in Polearms
  1170 | D:3      | Reached skill level 1 in Staves
  1170 | D:3      | Reached skill level 1 in Ranged Weapons
  1170 | D:3      | Reached skill level 1 in Throwing
  1170 | D:3      | Reached skill level 1 in Armour
  1170 | D:3      | Reached skill level 1 in Dodging
  1170 | D:3      | Reached skill level 1 in Shields
  1170 | D:3      | Reached skill level 1 in Evocations
  1170 | D:3      | Reached XP level 4. HP: 38/38 MP: 8/8
  1216 | D:3      | Found a large runed translucent door.
  1228 | D:3      | Found a large runed translucent door.
  1280 | D:3      | Found a bloodstained altar of Trog.
  1287 | D:3      | Found a burning altar of Makhleb.
  1293 | D:3      | Reached skill level 1 in Conjurations
  1293 | D:3      | Reached skill level 1 in Hexes
  1293 | D:3      | Reached skill level 1 in Summonings
  1293 | D:3      | Reached skill level 1 in Necromancy
  1293 | D:3      | Reached skill level 1 in Translocations
  1293 | D:3      | Reached skill level 1 in Transmutations
  1293 | D:3      | Reached skill level 1 in Fire Magic
  1293 | D:3      | Reached skill level 1 in Ice Magic
  1293 | D:3      | Reached skill level 1 in Air Magic
  1293 | D:3      | Reached skill level 1 in Poison Magic
  1298 | D:3      | Became a worshipper of Makhleb the Destroyer
  1356 | D:3      | Found a glowing drain.
  1392 | Sewer    | Entered a sewer
  1465 | Sewer    | Reached XP level 5. HP: 39/43 MP: 9/9
  1601 | Sewer    | Found an ancient bone altar of Kikubaaqudgha.
  1601 | Sewer    | Noticed a kobold brigand
  1604 | Sewer    | Noticed Grinder
  1614 | Sewer    | Reached * piety under Makhleb
  1746 | Sewer    | Paralysed by Grinder for 3 turns
  1759 | Sewer    | Killed a kobold brigand
  1760 | Sewer    | Reached XP level 6. HP: 39/50 MP: 9/11
  1764 | Sewer    | Killed Grinder
  1765 | Sewer    | Reached skill level 5 in Fighting
  1858 | Sewer    | Reached XP level 7. HP: 50/56 MP: 12/12
  1998 | D:3      | Found a white marble altar of Elyvilon.
  2054 | D:3      | Got the Secrets of Hexes and Immolation
  2243 | D:4      | Reached ** piety under Makhleb
  2469 | D:4      | Found a staircase to the Ecumenical Temple.
  2661 | D:4      | Noticed Sigmund
  2676 | D:4      | Killed Sigmund
  2700 | D:4      | Reached XP level 8. HP: 63/63 MP: 14/14
  2905 | D:5      | Entered Level 5 of the Dungeon
  2983 | D:4      | Reached skill level 11 in Unarmed Combat
  3130 | D:5      | Reached *** piety under Makhleb
  3657 | D:5      | Reached XP level 9. HP: 61/69 MP: 16/16
  3662 | D:5      | Reached skill level 5 in Spellcasting
  3771 | D:5      | Noticed Blork the orc
  3780 | D:5      | Killed Blork the orc
  3999 | D:5      | Reached skill level 5 in Stealth
  4068 | D:5      | Reached **** piety under Makhleb
  4074 | D:5      | Found Gynnitt's Book Emporium.
  4235 | D:5      | Found a shimmering blue altar of Sif Muna.
  4668 | D:6      | Reached skill level 5 in Invocations
  5329 | D:7      | Noticed Duvessa
  5329 | D:7      | Noticed Dowan
  5335 | D:6      | Killed Duvessa
  5337 | D:6      | Killed Dowan
  5987 | D:7      | Reached skill level 5 in Short Blades
  5987 | D:7      | Reached skill level 5 in Long Blades
  5987 | D:7      | Reached skill level 5 in Axes
  5987 | D:7      | Reached skill level 5 in Maces & Flails
  5987 | D:7      | Reached skill level 5 in Polearms
  5987 | D:7      | Reached skill level 5 in Staves
  5987 | D:7      | Reached skill level 5 in Ranged Weapons
  5987 | D:7      | Reached skill level 5 in Throwing
  5987 | D:7      | Reached skill level 5 in Armour
  5987 | D:7      | Reached skill level 5 in Dodging
  5987 | D:7      | Reached skill level 5 in Shields
  5987 | D:7      | Reached skill level 5 in Evocations
  5987 | D:7      | Reached XP level 10. HP: 77/77 MP: 18/18
  6225 | D:7      | Identified a scroll of acquirement
  6225 | D:7      | Acquired the +0 hat "Liggap" {Str-4 Slay+4}
  6646 | D:8      | You are sucked into a shaft and drop 1 floor!
  6651 | D:9      | Noticed Erica
  6703 | D:9      | Found a glowing silver altar of Zin.
  6703 | D:9      | Noticed an angel
  6920 | D:8      | Gained mutation: You are vulnerable to heat. (rF-) [potion
                  | of mutation]
  6920 | D:8      | Gained mutation: Your mind is acute. (Int +4, Str/Dex -1)
                  | [potion of mutation]
  6921 | D:8      | Lost mutation: You are vulnerable to heat. (rF-) [potion of
                  | mutation]
  6921 | D:8      | Lost mutation: Your mind is acute. (Int +4, Str/Dex -1)
                  | [potion of mutation]
  6921 | D:8      | Gained mutation: You occasionally lose the ability to drink
                  | potions when taking damage. [potion of mutation]
  6921 | D:8      | Gained mutation: You are clumsy. (Dex -2) [potion of
                  | mutation]
  6921 | D:8      | Gained mutation: You are dopey. (Int -2) [potion of
                  | mutation]
  6922 | D:8      | Lost mutation: You occasionally lose the ability to drink
                  | potions when taking damage. [potion of mutation]
  6922 | D:8      | Lost mutation: You are clumsy. (Dex -2) [potion of
                  | mutation]
  6922 | D:8      | Gained mutation: You have an increased reservoir of magic.
                  | (+10% MP) [potion of mutation]
  6922 | D:8      | Gained mutation: Your spells are a little harder to cast,
                  | but a little more powerful. [potion of mutation]
  6922 | D:8      | Gained mutation: You are somewhat resistant to further
                  | mutation. [potion of mutation]
  7025 | D:8      | Reached skill level 5 in Earth Magic
  7223 | D:8      | Reached ***** piety under Makhleb
  7432 | D:9      | Found a staircase to the Orcish Mines.
  7446 | D:9      | Noticed a centaur warrior
  7843 | D:9      | Found a broken altar of Ashenzari.
  7860 | D:9      | Killed Erica
  7988 | D:9      | Found a hide-covered altar of Uskayaw.
  7991 | D:9      | Found a shadowy altar of Dithmenos.
  7994 | D:9      | Found a basalt altar of Yredelemnul.
  7998 | D:9      | Noticed Amaemon
  8003 | D:9      | Noticed an orange demon
  8007 | D:9      | Killed Amaemon
  8008 | D:9      | Reached skill level 12 in Unarmed Combat
  8008 | D:9      | Reached skill level 5 in Conjurations
  8008 | D:9      | Reached skill level 5 in Hexes
  8008 | D:9      | Reached skill level 5 in Summonings
  8008 | D:9      | Reached skill level 5 in Necromancy
  8008 | D:9      | Reached skill level 5 in Translocations
  8008 | D:9      | Reached skill level 5 in Transmutations
  8008 | D:9      | Reached skill level 5 in Fire Magic
  8008 | D:9      | Reached skill level 5 in Ice Magic
  8008 | D:9      | Reached skill level 5 in Air Magic
  8008 | D:9      | Reached skill level 5 in Poison Magic
  8008 | D:9      | Reached XP level 11. HP: 59/85 MP: 21/23
  8308 | D:10     | Entered Level 10 of the Dungeon
  8494 | D:10     | Noticed Maggie
  8519 | D:10     | Killed Maggie
  8793 | D:10     | Noticed SirLogeyBear's ghost (novice HOBe)
  8794 | D:10     | Found a runed translucent gate.
  8794 | D:10     | Found a runed translucent gate.
  8794 | D:10     | Found a runed translucent gate.
  8888 | D:10     | Killed SirLogeyBear's ghost
  9640 | D:11     | Found a staircase to the Lair.
  9673 | D:11     | Found a burning altar of Makhleb.
  9673 | D:11     | Noticed a balrug
  9792 | D:11     | Noticed a green ugly thing
  9801 | D:11     | Killed a green ugly thing
  9835 | D:11     | Noticed a two-headed ogre
  9843 | D:11     | Killed a two-headed ogre
  9997 | D:11     | Noticed Lodul
 10013 | D:11     | Reached XP level 12. HP: 88/94 MP: 25/25
 10027 | D:11     | Killed Lodul
 10091 | D:11     | Noticed a boulder beetle
 10115 | D:11     | Killed a boulder beetle
 11138 | D:12     | Noticed a two-headed ogre
 11148 | D:12     | Killed a two-headed ogre
 11245 | D:13     | Noticed Urug
 11249 | D:13     | Found a transporter.
 11262 | D:13     | Killed Urug
 11263 | D:13     | Found a transporter.
 11277 | D:13     | Noticed Gygy's ghost (journeyman GnMo)
 11278 | D:13     | Found a gate leading to a gauntlet.
 11320 | Gauntlet | Entered a Gauntlet
 11320 | Gauntlet | Found a transporter.
 11320 | Gauntlet | Found a transporter.
 11322 | Gauntlet | Found a transporter.
 11325 | Gauntlet | Found a transporter.
 11338 | Gauntlet | Found a runed translucent door.
 11339 | Gauntlet | Found a transporter.
 11340 | Gauntlet | Found a runed translucent door.
 11351 | Gauntlet | Found a transporter.
 11370 | Gauntlet | Found a transporter.
 11371 | Gauntlet | Found a transporter.
 11371 | Gauntlet | Found a transporter.
 11374 | Gauntlet | Noticed a green death
 11392 | Gauntlet | Found a transporter.
 11399 | Gauntlet | Found a transporter.
 11401 | Gauntlet | Found the ring of the Mage {Wiz Archmagi}
 11411 | Gauntlet | Found a transporter.
 11426 | Gauntlet | Found a transporter.
 11439 | Gauntlet | Found the amulet of the Air {Inacc Air Fly rElec RMsl}
 11446 | Gauntlet | Found a transporter.
 11622 | Gauntlet | Reached skill level 13 in Unarmed Combat
 11786 | Gauntlet | Identified the ring of Qotzoq {Str+5 Dex+3 SInv Stlth-}
 11816 | Gauntlet | Learned a level 4 spell: Summon Ice Beast
 11828 | Gauntlet | Noticed a minotaur
 11840 | Gauntlet | Killed a minotaur
 11841 | Gauntlet | Reached XP level 13. HP: 48/101 MP: 28/28
 11937 | D:13     | Found the dreamshard necklace {*Dream Drain}
 12015 | D:13     | Paralysed by a hornet for 2 turns
 12481 | D:13     | Killed from afar by a meliai

Illustrated notes

Levels and vault maps discovered:
D:1:      ebering_hopf_link, layout_basic
D:2:      layout_basic
D:3:      layout_basic, mainiacjoe_overflow_small_starburst,
          jmf_multi_god_temple2, gup_sewer_entry_glass,
          guppyfry_early_lair_pool, uniq_ijyb
D:4:      layout_loops_ring, minmay_temple_entry_enclosed_plants, uniq_sigmund
D:5:      layout_cave_pools, lemuel_blue_sif_altar, serial_gnoll_camp,
          gnoll_camp_mini_loothouse, gnoll_camp_mini_shop, gnoll_camp_medium_01,
          gnoll_camp_mini_house, gnoll_camp_huts_basic, minmay_liquid_box,
          uniq_blork_the_orc
D:6:      layout_gridville
D:7:      layout_cave_pods, uniq_duvessa
D:8:      layout_basic, nicolae_concentric_dashed_squares_wild
D:9:      layout_rooms, grunt_temple_overflow_cloverleaf, zin_angel,
          kennysheep_generic_room_8, uniq_erica, uniq_amaemon
D:10:     layout_basic, gammafunk_ghost_spectres, uniq_maggie
D:11:     layout_roguey, lair_entry_dummy, makhleb_altar_promises_db, uniq_lodul
D:12:     layout_stronghold
D:13:     layout_rooms, david_vaults_5, gauntlet_entry_generic,
          gammafunk_ghost_hive, uniq_kirke, uniq_urug

Skill      XL: |  1  2  3  4  5  6  7  8  9 10 11 12 13 |
---------------+----------------------------------------+-----
Unarmed Combat | 11 12 13 | 13.1
Earth Magic    | 2 3 4 5 6 7 |  7.2
Invocations    | 1 2 3 4 5 6 7 8 9 |  9.0
Short Blades   | 1 2 3 5 6 7 8 |  8.2
Long Blades    | 1 2 3 5 6 7 8 |  8.2
Axes           | 1 2 3 5 6 7 8 |  8.2
Maces & Flails | 1 2 3 5 6 7 8 |  8.2
Polearms       | 1 2 3 5 6 7 8 |  8.2
Staves         | 1 2 3 5 6 7 8 |  8.2
Ranged Weapons | 1 2 3 5 6 7 8 |  8.2
Throwing       | 1 2 3 5 6 7 8 |  8.2
Armour         | 1 2 3 5 6 7 8 |  8.2
Dodging        | 1 2 3 5 6 7 8 |  8.2
Shields        | 1 2 3 5 6 7 8 |  8.2
Spellcasting   | 3 4 5 6 7 8 |  8.8
Evocations     | 1 2 3 5 6 7 8 |  8.2
Conjurations   | 1 2 3 4 5 6 |  6.9
Hexes          | 1 2 3 4 5 6 |  6.9
Summonings     | 1 2 3 4 5 6 |  6.9
Necromancy     | 1 2 3 4 5 6 |  6.9
Translocations | 1 2 3 4 5 6 |  6.9
Transmutations | 1 2 3 4 5 6 |  6.9
Fire Magic     | 1 2 3 4 5 6 |  6.9
Ice Magic      | 1 2 3 4 5 6 |  6.9
Air Magic      | 1 2 3 4 5 6 |  6.9
Poison Magic   | 1 2 3 4 5 6 |  6.9
Stealth        | 3 4 5 6 7 8 |  8.6
Fighting       | 5 6 7 8 9 |  9.5

Action                     |  1- 3 |  4- 6 |  7- 9 | 10-12 | 13-15 || total
---------------------------+-------+-------+-------+-------+-------++-------
  Melee: Unarmed           |    45 |    78 |   256 |    90 |       ||   469
         Bite              |     3 |     5 |    39 |    70 |     8 ||   125
         Punch             |     2 |       |       |       |       ||     2
         Dagger            |       |     8 |    27 |       |       ||    35
         Flail             |       |       |     6 |       |       ||     6
         Hand axe          |       |       |       |    47 |       ||    47
         Lance             |       |       |       |   164 |       ||   164
         Demon whip        |       |       |       |    95 |    11 ||   106
         Staff             |       |       |       |     9 |     2 ||    11
         Scimitar          |       |       |       |    11 |    18 ||    29
         War axe           |       |       |       |       |     8 ||     8
   Fire: Sling             |    22 |    42 |   122 |   150 |     7 ||   343
   Cast: Sandblast         |       |       |     2 |       |       ||     2
         Summon Ice Beast  |       |       |       |       |     1 ||     1
 Invoke: Minor Destruction |       |       |    13 |     6 |       ||    19
         Lesser Servant of |       |       |     1 |     6 |     1 ||     8
    Use: Scroll            |     2 |       |    15 |    20 |     1 ||    38
         Potion            |       |       |       |     7 |     1 ||     8
   Stab: Sleeping          |     1 |     1 |     3 |     2 |       ||     7
         Distracted        |       |       |       |       |     1 ||     1
 Armour: Ring mail         |    14 |    43 |    96 |    59 |       ||   212
         Leather armour    |     1 |       |       |       |       ||     1
         Skin              |     4 |       |       |       |       ||     4
         Troll leather arm |       |       |       |    58 |     8 ||    66
         Swamp dragon scal |       |       |       |     7 |    30 ||    37
  Dodge: Dodged            |    22 |    37 |    98 |   189 |    46 ||   392
  Block: Kite shield       |     4 |    48 |   133 |   207 |    57 ||   449
